Cogmind - Beta 14 @@@ ROGUE MODE // 2024.12.02 @ 09:19:11 Player: Fangrelle Result: Destroyed by NH-VHX(R) with Subdweller Beam Cannon Performance ------------- Evolutions (0) 0 Regions Visited (2) 400 Robots Destroyed (26) 130 Value Destroyed (465) 465 Prototype IDs (0) 0 Alien Tech Used (0) 0 Bonus (0) 0 TOTAL SCORE: 995 Bonus ------- None Cogmind --------- Core Integrity 0/250 Matter 160/300 Energy 250/250 System Corruption 17% Temperature Cool (9) Movement Treading (240) Ox1 Location -10/Subcaves Parts ------- > --- POWER (1) -------- Ion Engine > --- PROPULSION (2) --- Light Treads (fused) > --- UTILITY (2) ------ Large Storage Unit Targeting Computer > --- WEAPON (2) ------- Small Laser Assault Rifle > --- INVENTORY (15) --- Light Ion Engine High-capacity Matter Pod (200) High-capacity Matter Pod (1) Sensor Array Improved Terrain Scanner Targeting Computer Utility Shielding Hacking Suite Grenade Launcher Datajack Datajack Mining Laser Peak State ------------ > --- POWER ------------ Light Ion Engine > --- PROPULSION ------- Aluminum Leg Aluminum Leg > --- UTILITY ---------- Small Storage Unit Seismic Detector > --- WEAPON ----------- Small Laser Small Laser > --- INVENTORY -------- Light Ion Engine Light Treads Light Treads Wheel Compact Wheel Improved Terrain Scanner Small Laser Mining Laser [Rating: 8] Favorites ----------- Power Light Ion Engine Engine Light Ion Engine Propulsion Light Treads Treads Light Treads Leg Aluminum Leg Wheel Compact Wheel Utility Seismic Detector Device Seismic Detector Storage Large Storage Unit Processor Targeting Computer Weapon Small Laser Energy Gun Small Laser Ballistic Gun Assault Rifle Special Weapon Mining Laser Build | -11 -10 -10 ------- Run | Yrd Mat Sub Slots Evolved . | . . . Power . | . . . Propulsion . | . . . Utility . | . . . Weapon . | . . . Parts Attached 20 | 1 18 1 Power 3 | . 3 . Engine 3 | . 3 . Core . | . . . Reactor . | . . . Propulsion 5 | . 5 . Treads 3 | . 3 . Leg . | . . . Wheel 2 | . 2 . Hover . | . . . Flight . | . . . Utility 4 | 1 2 1 Device 1 | 1 . . Storage 2 | . 2 . Processor 1 | . . 1 Hackware . | . . . Protection . | . . . Artifact . | . . . Weapon 8 | . 8 . Energy Gun 5 | . 5 . Energy Cannon . | . . . Ballistic Gun 1 | . 1 . Ballistic Cannon . | . . . Launcher . | . . . Special Weapon 2 | . 2 . Impact Weapon . | . . . Slashing Weapon . | . . . Piercing Weapon . | . . . Special Melee Weapon . | . . . Unidentified Prototypes . | . . . Parts Lost 7 | . 7 . Power 1 | . 1 . Propulsion 3 | . 3 . Utility 1 | . 1 . Weapon 2 | . 2 . Highest Loss Streak 5 | . 5 . To Critical Strikes . | . . . Average Slot Usage (%) 88 | . 88 85 Engine 13 | . 13 14 Treads 14 | . 14 14 Leg 3 | . 4 . Wheel 2 | . 2 . Device 10 | . 10 . Storage 14 | . 14 14 Energy Gun 23 | . 23 14 Ballistic Gun 3 | . 3 14 Peak Build Rating 8 | 8 8 7 Average Rating 7 | 7 7 7 On Entrance 6 | 6 8 6 Naked Turns . | . . . Heaviest Build 28 | 11 28 28 Greatest Support 40 | 20 40 20 Greatest Overweight (x) 7 | . 7 1 Average Overweight (x) . | . . 1 Largest Inventory Capacity 15 | 8 15 15 Average Capacity 12 | 8 13 15 Most Carried 14 | 8 14 12 Average Carried 9 | 6 10 12 Final Capacity 15 | 8 15 15 Final Carried 13 | 8 13 12 Class Distribution -------------------- 100% | Mutant Dominant Class ---------------- Mutant | -10/Materials Mutant | -10/Subcaves Resources | -11 -10 -10 ----------- Run | Yrd Mat Sub Matter Collected 501 | 210 291 . Remotely . | . . . Salvage Created 938 | 160 778 . Parts 53 | 10 43 . Haulers Intercepted 2 | . 2 . Recyclers Shooed 1 | . 1 . Parts Field Recycled . | . . . Retrieved Matter . | . . . Parts Self-Destructed 3 | . . 3 Prevented . | . . . Kills | -11 -10 -10 ------- Run | Yrd Mat Sub Combat Hostiles Destroyed 15 | . 15 . Guns 15 | . 15 . Classes Destroyed 8 | 2 6 . Worker 1 | . 1 . Tunneler 3 | 3 . . Hauler 2 | . 2 . Recycler 2 | 1 1 . Operator 1 | . 1 . Watcher 2 | . 2 . Swarmer 6 | . 6 . Grunt 9 | . 9 . Best Kill Streak 4 | 2 4 . Combat Bots Only 3 | . 3 . Max Kills in Single Turn 1 | 1 1 . Gunslinging . | . . . Exploded . | . . . Melee . | . . . Uniques/NPCs Destroyed . | . . . Combat | -11 -10 -10 -------- Run | Yrd Mat Sub Hostile Shots Fired 85 | . 79 6 Missed 16 | . 16 . Damage Taken 1219 | . 1066 153 Core 259 | . 185 74 Absorbed by Shields . | . . . Core Remaining (%) 100 | 100 . . Volleys Fired 95 | 14 78 3 Largest 2 | 2 2 2 Hottest 100 | 80 100 60 Shots Fired 180 | 28 146 6 Gun 172 | 28 138 6 Cannon . | . . . Launcher . | . . . Special 8 | . 8 . Kinetic 12 | . 9 3 Thermal 148 | 28 117 3 Explosive . | . . . Electromagnetic 20 | . 20 . Robot Hit Streak 15 | 11 15 5 Robot Miss Streak 7 | 3 7 1 Penetration Max . | . . . Secondary Targets . | . . . Shots Hit Robots 102 | 17 80 5 Core Hits 39 | 5 34 . Critical Kills . | . . . Critical Parts Destroyed . | . . . Critical Strikes . | . . . Melee Attacks . | . . . Impact . | . . . Slashing . | . . . Piercing . | . . . Sneak Attacks . | . . . Combat Hostiles . | . . . Follow-up Attacks . | . . . Damage Inflicted 1260 | 186 1074 . Guns 1204 | 186 1018 . Cannons . | . . . Explosions 56 | . 56 . Melee . | . . . Ramming . | . . . Kinetic 64 | . 64 . Thermal 962 | 186 776 . Explosive . | . . . Electromagnetic 234 | . 234 . Impact . | . . . Slashing . | . . . Piercing . | . . . Highest Corruption 17 | . 17 17 Average Corruption 16 | . 16 17 Corruption Purged . | . . . Corruption Blocked . | . . . Effects 20 | . 20 . Message Errors 7 | . 7 . Matter Fused 5 | . 5 . Heat Flow Errors 1 | . 1 . Energy Discharges 4 | . 4 . Parts Fused 1 | . 1 . Alerts 1 | . 1 . Weapon Failures 1 | . 1 . Overload Shots . | . . . Overflow Damage . | . . . Projectiles . | . . . Explosions . | . . . Melee . | . . . Knockbacks . | . . . Impact . | . . . Kinetic . | . . . Secondary . | . . . Self-Inflicted Damage . | . . . Shots . | . . . Rammed . | . . . Targets Rammed . | . . . Kicked . | . . . Crushed . | . . . Highest Temperature 252 | 124 252 . Average Temperature 54 | 52 55 . Received Heat Transfer 198 | . 153 45 Siege Activations . | . . . Robots Corrupted . | . . . Combat Hostiles . | . . . Parts Fried . | . . . Impact Corruptions . | . . . Robots Melted . | . . . Combat Hostiles . | . . . Parts Melted 3 | 1 2 . Heat Transferred 2125 | 425 1700 . Parts Sabotaged . | . . . Parts Stolen . | . . . Parts Stripped . | . . . Power Chain Reactions 2 | . 2 . Alert | -11 -10 -10 ------- Run | Yrd Mat Sub Peak Influence 278 | 20 278 . Initial 13 | . 13 . Average 109 | 12 117 . Maximum Alert Level 1 | . 1 . Low Security (%) 87 | 100 86 . Level 1 12 | . 13 . Level 2 . | . . . Level 3 . | . . . Level 4 . | . . . Level 5 . | . . . High Security . | . . . Max Security . | . . . Squads Dispatched 5 | . 5 . Investigation 3 | . 3 . Extermination . | . . . Reinforcement 2 | . 2 . Assault . | . . . Garrison . | . . . Intercept . | . . . Searches Triggered . | . . . Construction Impeded . | . . . Haulers Reinforced . | . . . Active Scanning Responses . | . . . Cargo Convoy Interrupts . | . . . Stealth | -11 -10 -10 --------- Run | Yrd Mat Sub Distress Signals 1 | . 1 . Communications Jammed . | . . . Distress Signals . | . . . Times Spotted 24 | . 22 2 Peak Tracking Total 4 | . 4 2 Tactical Retreats . | . . . Traps | -11 -10 -10 ------- Run | Yrd Mat Sub Traps Triggered 6 | . 6 . Indirectly . | . . . Trap Hack Attempts . | . . . Triggered . | . . . Disarmed . | . . . Reprogrammed . | . . . Reused . | . . . Traps Extracted . | . . . Installed . | . . . Triggered . | . . . Machines | -11 -10 -10 ---------- Run | Yrd Mat Sub Machines Disabled . | . . . Max in Single Turn . | . . . Machines Repaired . | . . . Machines Dismantled . | . . . Machines Sabotaged . | . . . Overloaded Fab Kills . | . . . Hacking | -11 -10 -10 --------- Run | Yrd Mat Sub Machines Accessed 9 | . 9 . Terminals 7 | . 7 . Fabricators . | . . . Repair Stations . | . . . Recycling Units 2 | . 2 . Scanalyzers . | . . . Garrison Access . | . . . Total Hacks 30 | . 30 . Successful 18 | . 18 . Failed 12 | . 12 . Catastrophic . | . . . Database Lockouts . | . . . Manual 27 | . 27 . Terminals 25 | . 25 . Fabricators . | . . . Repair Stations . | . . . Recycling Units 5 | . 5 . Scanalyzers . | . . . Garrison Access . | . . . Terminal Hacks 5 | . 5 . Robot Analysis 4 | . 4 . Zone Layout 1 | . 1 . Fabricator Hacks . | . . . Repair Station Hacks . | . . . Recycling Unit Hacks 2 | . 2 . Retrieve Components 2 | . 2 . Scanalyzer . | . . . Garrison Access Hacks . | . . . Unauthorized Hacks 11 | . 11 . Terminals 9 | . 9 . Assimilate 3 | . 3 . Botnet 4 | . 4 . Operators 1 | . 1 . Skim 1 | . 1 . Fabricators . | . . . Repair Stations . | . . . Recycling Units 2 | . 2 . Tunnel 2 | . 2 . Scanalyzers . | . . . Garrison Access . | . . . Data Cores Recovered . | . . . Used . | . . . Hacking Detections 7 | . 7 . Full Trace Events . | . . . Feedback Events . | . . . Feedback Blocked . | . . . Robot Schematics Acquired . | . . . Robots Built . | . . . Authchips . | . . . Time . | . . . Total Robot Build Rating . | . . . Part Schematics Acquired . | . . . Parts Built . | . . . Authchips . | . . . Time . | . . . Total Part Build Rating . | . . . Parts Repaired . | . . . Time . | . . . Parts Recycled . | . . . Recycled Matter . | . . . Retrieved Matter . | . . . Retrieved Components 18 | . 18 . Parts Scanalyzed . | . . . Part Schematics Acquired . | . . . Parts Damaged . | . . . Bothacking | -11 -10 -10 ------------ Run | Yrd Mat Sub Used RIF Installer . | . . . Robots Hacked . | . . . Non-combat . | . . . Combat . | . . . Robot Hacks Applied . | . . . Relay Couplers Released . | . . . Fabnet Peak Effective % . | . . . Robots Rewired . | . . . Allies Hacked . | . . . Hacks Repelled . | . . . Allies | -11 -10 -10 -------- Run | Yrd Mat Sub Total Allies . | . . . Largest Group . | . . . Highest-Rated Group . | . . . Highest-Rated Ally . | . . . Total Orders . | . . . Ally Attacks . | . . . Total Damage . | . . . Kills . | . . . Allies Corrupted . | . . . Allies Melted . | . . . Intel | -11 -10 -10 ------- Run | Yrd Mat Sub Robot Analysis Total 4 | . 4 . Derelict Logs Recovered . | . . . Drone Launches . | . . . Drone Recoveries . | . . . Exploration | -11 -10 -10 ------------- Run | Yrd Mat Sub Turns Passed 1837 | 124 1678 35 Spaces Moved 951 | 47 894 10 Core 6 | . 6 . Treads 479 | . 469 10 Legs 244 | 47 197 . Wheels 222 | . 222 . Hover . | . . . Flight . | . . . Fastest Speed 115 | 120 115 240 Average Speed 154 | 120 155 240 Slowest Speed 400 | 120 400 240 Overloaded Moves . | . . . Propulsion Burnouts . | . . . Robots Hopped . | . . . Cave-ins Triggered 2 | . 2 . Exploration Rate (%) 34 | 5 96 3 Regions Visited 2 Branch Regions 1 Pre-discovered Areas 2 | . 2 . Known Exits Taken . | . . . Unknown Exits Taken 2 | 1 1 . Scrap Searched . | . . . Spaces Dug 4 | . 4 . Terrain Destroyed 14 | . 14 . Melee . | . . . Projectile 8 | . 8 . AOE 6 | . 6 . Terrain Rammed . | . . . Walls Destroyed . | . . . Machines Disabled . | . . . Actions | -11 -10 -10 --------- Run | Yrd Mat Sub Total 1120 | 86 1019 15 Wait 34 | 23 10 1 Move 948 | 46 892 10 Hop . | . . . Pick Up 15 | 2 13 . Fast Attach 10 | 1 9 . Attach 6 | . 5 1 Detach . | . . . Swap 4 | . 4 . Drop 7 | . 7 . Fire 95 | 14 78 3 Melee . | . . . Ram . | . . . Kick . | . . . Crush . | . . . Escape Stasis 1 | . 1 . Rewire . | . . . Trap . | . . . Miscellaneous . | . . . Route ------- -11/Scrapyard -10/Materials (discovered 6 exits: [*Mat x3] / [*Min x2] / [*Sub]) -10/Subcaves History --------- Turn | Location | Event 13 | -11/Scrapyard | Discovered new exit (range 2) 125 | -11/Scrapyard | Entered Materials 312 | -10/Materials | Build established: Mutant 559 | -10/Materials | Discovered new exit (range 10) 659 | -10/Materials | Discovered new exit (range 11) 1111 | -10/Materials | Discovered new exit (range 15) 1174 | -10/Materials | Discovered new exit (range 9) 1269 | -10/Materials | Discovered new exit (range 12) 1369 | -10/Materials | Crushed by falling debris 1370 | -10/Materials | System corruption reached 10% 1372 | -10/Materials | Crushed by falling debris 1372 | -10/Materials | Core integrity fell below 50% 1403 | -10/Materials | Lost 5 parts (1p1n1u2w) 1784 | -10/Materials | Discovered new exit (range 9) 1803 | -10/Materials | Entered Subcaves 1835 | -10/Subcaves | Core integrity fell below 20% 1838 | -10/Subcaves | Destroyed by NH-VHX(R) with Subdweller Beam Cannon Last Messages --------------- 01523_ System corrupted: Heat flow error (+116). 01541_ G-34 Mercenary destroyed. 01544_ System corrupted: Energy discharge (-60). 01560_ System corrupted: IFF burst signal emitted. 01575_ System corrupted: Matter fused (-7). 01579_ K-01 Serf collects debris. 01608_ System corrupted: Matter fused (-9). 01627_ F%J9JNAA QX 01802_ RB3VEXMOBC35YDZ 7BMLWLQJ L&DT A#MD JNJ6 LOCATION=UNKNOWN AMBIENT_HEAT=-10 GOAL=ESCAPE Map ----- +----------------------------------------------------+ | ?????????????????????????????????????????????????? | | ?????????????????????????????????????????????????? | | ?????????????????????????????????????????????????? | | ?????????????????????????????????????????????????? | | ?????????????????????????????????????????????????? | | ?????????????????????????????????????????????????? | | ?????????????????????????????????????????????????? | | ?????????????????????????????????????????????????? | | ?????????????????????????????????????????????????? | | ?????????????????????????????????????????????????? | | ????????????????????????? ???????????????????????? | | ????????????????????????? ???????????????????????? | | ????????????????????????? ????? ????????????????? | | ????????????????????????? ????? ????????????????? | | ????????????????????????? ???? R#????????????????? | | ????????????????????????? #### ##???????????????? | | ?????????????????????#### ###?????????????? | | ?????????????????????# ###???????????? | | ?????????????????????#R ??????????? | | ????????????????????? ??????????? | | ??????????????????????< ??????????? | | ??????????????????????# #?????????? | | ??????????????????????# ???????????? | | ??????????????????????# #??????????????? | | ??????????????????????# #??????????????? | | ??????????????????###??# @ #??????????????? | | ?????????????????## #??# ## #???????????????? | | ?????????????????# #### #????? #???????????????? | | ?????????????????# #??????????????????????? | | ?????????????????# # #??????????????????????? | | ?????????????????# # #??????????????????????? | | ?????????????????## #??????????????????????? | | ??????????????????## #??????????????????????? | | ???????????????????## # ##??????????????????????? | | ????????????????????## ###???????????????????????? | | ?????????????????????# ?????????????????????????? | | ?????????????????????# ????????????????????????? | | ?????????????????????? ????????????????????????? | | ?????????????????????? ???????????????????????? | | ?????????????????????? ???????????????????????? | | ??????????????????????# #??????????????????????? | | ???????????????????????# ##??????????????????????? | | ????????????????????????#????????????????????????? | | ?????????????????????????????????????????????????? | | ?????????????????????????????????????????????????? | | ?????????????????????????????????????????????????? | | ?????????????????????????????????????????????????? | | ?????????????????????????????????????????????????? | | ?????????????????????????????????????????????????? | | ?????????????????????????????????????????????????? | +----------------------------------------------------+ Best States ------------- Heat Dissipation 25 Energy Generation 10 Energy Capacity 250 Matter Stores 300 Matter Capacity 300 Sight Range 16 Terrain Scan Density 10 Evasion (%) 55 Targeting Accuracy 5 Recoil Reduction 2 Item Schematics ----------------- None Robot Schematics ------------------ None Fabricated ------------ Nothing Alien Tech Used ----------------- None Achievements -------------- None Challenges ------------ None Game ------ Seed TerrainGyrokineticSystem Manual? 0 Play Time 00:10:12 Cumulative 152.3 hours Start 2024.12.02 @ 09:09:07 End 2024.12.02 @ 09:19:11 Sessions 1 Manual Loads 0 Difficulty Rogue Special Mode None Game No. 286 Rogue 286 Adventurer 0 Explorer 0 Win Type - Total 0 Types 0/0/0/0/0/0/0/0/0 Lore% 45 Gallery% 42 Achievement% 36 Wizard Run 0 Options --------- Layout 0 ASCII 0 Keyboard 0 Movement Mouse Keybinds 0 Fullscreen 1 Font 24/Smallcaps Map View 91x25 Zoom Use 95% Tactical HUD 1 Map Filters NONE Filters NONE Steam 1 RUN: be6153f8-bb0e-49d8-afa2-4a84f9912163